 Dungeon Crawl Stone Soup version 0.18.1-50-g88ac8fd (webtiles) character file.

641146 mamajk0 the Hoplite (level 27, 0/237 HPs)
             Began as a Minotaur Fighter on Oct 15, 2016.
             Was the Champion of Okawaru.
             Killed from afar by an orb of fire (12 damage)
             ... with a fireball
             ... on level 5 of the Realm of Zot on Oct 17, 2016.
             The game lasted 07:00:21 (57630 turns).

mamajk0 the Hoplite (Minotaur Fighter)             Turns: 57630, Time: 07:00:22

Health: 0/237      AC: 41    Str: 39    XL:     27
Magic:  22/22      EV: 35    Int:  5    God:    Okawaru [******]
Gold:   5976       SH: 38    Dex: 23    Spells: 0 memorised, 26 levels left

rFire  + + .     SeeInvis .     c - +9 broad axe (vamp)
rCold  + + .     Gourm    .     r - +7 chain mail of Autotheism {rN+ MP-9 Int+2 Dex+2}
rNeg   + + .     Faith    .     o - +7 large shield {reflect}
rPois  +         Spirit   .     Y - +1 hat of Deeme {Str+4}
rElec  +         Dismiss  .     b - +2 cloak of Starlight {rElec rC+ EV+4 Stlth--}
rCorr  .         Reflect  +     a - +0 pair of gloves "Did Zuru" {Str+6 Int+4}
SustAt .         Harm     .     V - +2 pair of boots of Objectivity {rF+ MR+}
MR     +++..     Rnd*Tele +     p - +2 amulet of reflection
Stlth  ..........               Q - ring "Sakeryt" {rN+ AC+2 Int-3 Dex+2}
                                J - ring "Yprin" {*Drain rF+ rC+ Stlth+}

@: extremely resistant to hostile enchantments, extremely unstealthy
A: retaliatory headbutt, claws 1, horns 2, talons 2, rough black scales 1,
blink, blurry vision 3, dopey 1, frail 1, poison resistance, regeneration 1,
strong 2, teleportitis 2, subdued magic 1
a: Blink, Heroism, Finesse, Renounce Religion
}: 3/15 runes: serpentine, barnacled, silver


You were on level 5 of the Realm of Zot.
You worshipped Okawaru.
Okawaru was exalted by your worship.
You were not hungry.

You visited 13 branches of the dungeon, and saw 56 of its levels.
You also visited: Labyrinth and Ice Cave.

You collected 8757 gold pieces.
You spent 2675 gold pieces at shops.

Inventory:

Hand Weapons
 c - a +9 vampiric broad axe (weapon)
Armour
 a - the +0 pair of gloves "Did Zuru" (worn) {Str+6 Int+4}
   (Okawaru gifted it to you on level 6 of the Lair of Beasts)

   It affects your strength (+6).
   It affects your intelligence (+4).
 b - the +2 cloak of Starlight (worn) {rElec rC+ EV+4 Stlth--}
   (You found it on level 3 of the Elven Halls)

   It affects your evasion (+4).
   It protects you from cold.
   It insulates you from electricity.
   It makes you much less stealthy.
 o - a +7 large shield of reflection (worn)
 r - the +7 chain mail of Autotheism (worn) {rN+ MP-9 Int+2 Dex+2}
   (You found it on level 5 of the Vaults)

   It affects your intelligence (+2).
   It affects your dexterity (+2).
   It protects you from negative energy.
   It affects your magic capacity (-9).
 u - the +4 cloak of Slovenliness {rC+ rCorr Str-3}
   (You acquired it on level 4 of the Realm of Zot)

   It affects your strength (-3).
   It protects you from cold.
   It protects you from acid and corrosion.
 x - the +1 gold dragon armour of Zuif Togh {rPois rF+ rC+ rN++ Regen+ Dex-5 Slay+3}
   (You found it on level 3 of the Elven Halls)

   It affects your dexterity (-5).
   It affects your accuracy and damage with ranged weapons and melee attacks
   (+3).
   It protects you from fire.
   It protects you from cold.
   It protects you from poison.
   It greatly protects you from negative energy.
   It increases your rate of regeneration.
 V - the +2 pair of boots of Objectivity (worn) {rF+ MR+}
   (Okawaru gifted it to you on level 11 of the Dungeon)

   It protects you from fire.
   It affects your resistance to hostile enchantments.
 Y - the +1 hat of Deeme (worn) {Str+4}
   (You found it on level 1 of the Orcish Mines)

   It affects your strength (+4).
Jewellery
 p - a +2 amulet of reflection (around neck)
 J - the ring "Yprin" (left hand) {*Drain rF+ rC+ Stlth+}
   (You found it on level 8 of the Lair of Beasts)

   [ring of protection from fire]

   It protects you from fire.
   It protects you from cold.
   It causes draining when unequipped.
   It makes you more stealthy.
 Q - the ring "Sakeryt" (right hand) {rN+ AC+2 Int-3 Dex+2}
   (You took it off a frost giant on level 5 of the Vaults)

   [ring of protection]

   It affects your AC (+2).
   It affects your intelligence (-3).
   It affects your dexterity (+2).
   It protects you from negative energy.
 R - an uncursed ring of sustain attributes
Wands
 m - a wand of heal wounds (3/9)
 y - a wand of digging (9/24)
 P - a wand of teleportation (3/9)
Scrolls
 k - 11 scrolls of fear
 l - 5 scrolls of immolation
 s - 12 scrolls of recharging
 B - a scroll of blinking
 C - 24 scrolls of remove curse
 D - 3 scrolls of identify
 H - 2 scrolls of fog
 I - a scroll of enchant weapon
 K - 2 scrolls of magic mapping
 M - a scroll of brand weapon
 T - 6 scrolls of holy word
 Z - a scroll of silence
Potions
 e - 9 potions of haste
 g - 4 potions of ambrosia
 n - 2 potions of cancellation
 q - 7 potions of heal wounds
 v - 3 potions of resistance
 z - 27 potions of curing
 G - 6 potions of might
 S - 4 potions of agility
Miscellaneous
 d - a plain deck of summoning {drawn: 2}
 i - the horn of Geryon
 w - a lamp of fire
 F - a stone of tremors
 L - a plain deck of summoning {Repulsiveness}
 U - a legendary deck of summoning {drawn: 2}
 W - a sack of spiders {used: 1}
 X - a phial of floods
Comestibles
 f - 26 bread rations
 h - 25 meat rations
 j - 14 royal jellies
 t - 11 slices of pizza
 A - 51 fruits
 O - 13 beef jerkies


   Skills:
 + Level 24.6 Fighting
 - Level 18.3 Axes
 - Level 4.6 Throwing
 + Level 24.8 Armour
 + Level 21.5 Dodging
 - Level 10.0 Stealth
 - Level 25.0 Shields
 - Level 11.8 Invocations
 - Level 12.9 Evocations


You had 26 spell levels left.
You didn't know any spells.

Dungeon Overview and Level Annotations

Branches:
Dungeon (15/15)            Temple (1/1) D:6            Lair (8/8) D:9
 Shoals (4/4) Lair:3        Snake (4/4) Lair:6        Slime (2/6) Lair:8
    Orc (2/2) D:12            Elf (3/3) Orc:2        Vaults (5/5) D:13
  Crypt (1/3) Vaults:3     Depths (5/5) D:15           Hell (1/1)
    Zot (5/5) Depths:5
    Dis: Hell:1         Geh: Hell:1         Coc: Hell:1         Tar: Hell:1

Altars:
Ashenzari
Cheibriados
Dithmenos
Elyvilon
Fedhas
Gozag
Kikubaaqudgha
Makhleb
Nemelex Xobeh
Okawaru
Pakellas
Qazlal
Ru
Sif Muna
Trog
Vehumet
Xom
Yredelemnul
Zin
The Shining One
Beogh
Lugonu

Shops:
D:4 (}:   D:6 (   D:11 }   Orc:2 [((}*   Snake:1 =   Snake:4 (   Vaults:1 %
Vaults:3 *

Portals:
Hell: Depths:1 Depths:2 Depths:3 Depths:4 Depths:5
Abyss: Depths:2 Depths:3
Pandemonium: Depths:1 Depths:3 Depths:4
Ziggurat: Depths:4
Trove: D:13 (give potion of experience)

Annotations:
Orc:1 1 exclusion
Elf:1 Nikola


Innate Abilities, Weirdness & Mutations

You reflexively headbutt those who attack you in melee.
You have a pair of horns on your head.
You have sharp fingernails.
You have razor-sharp toenails.
You are partially covered in rough black scales (AC +4, Dex -1).
You can translocate small distances at will.
Scrolls take you much longer to read.
You are dopey. (Int -2)
You are frail (-10% HP).
Your system is resistant to poisons.
Your natural rate of healing is unusually fast.
Your muscles are very strong. (Str +4)
You are sometimes teleported next to monsters.
Your spells are a little easier to cast, but a little less powerful.


Message History

You barely miss the orb of fire.
The orb of fire is almost destroyed.
The orb of fire glows deep purple.
The fireball explodes!
The fireball engulfs you! You resist.
* * * LOW HITPOINT WARNING * * *
The fireball engulfs the orb of fire.
The orb of fire completely resists.
The orb of fire glows bright magenta.
The bolt of fire misses you.
You see here a runed morningstar {god gift}.
The orb of fire glows bright magenta.
The fireball explodes!
The fireball engulfs you! You resist.
* * * LOW HITPOINT WARNING * * *
The fireball engulfs the orb of fire.
The orb of fire completely resists.
You see here a potion of curing.
The orb of fire glows red.
The fireball explodes!
The fireball engulfs you! You resist.
* * * LOW HITPOINT WARNING * * *
The orb of fire emits a lurid red light.
The fireball explodes!
The fireball engulfs you! You resist.
You die...

********** ▓▓▓ *▓▓▓...,,,,,,
..▓▓▓ ▓▓▓.......,,,,, ....▓▓
▓▓.........,,,,, .....▓ ▓▓▓▓▓▓▓▓▓
▓..........,,,,,
.....▓▓▓.......▓▓▓..........,,,,,
.....▓▓.........▓▓..........,,,,,
.....▓..........@▓..........,,,,,
...........0.....!*..*.(....,,,,,
.....▓...........▓..........,,,,,
.....▓▓.........▓▓..........,,,,,
.....▓▓▓.......▓▓▓.....^....,,,,,
.....# ▓▓▓▓▓▓▓▓▓ #..........,,,,,
....## ##.........,,,,, ..▓##
##▓..$....,,,,, ▓▓▓ *▓▓▓....,,,,,


You could see 2 orbs of fire.

Vanquished Creatures
  3 ancient liches
  5 orbs of fire (Zot:5)
  A juggernaut (Depths:5)
  Margery (Depths:5)
  2 curse toes
  Geryon (Hell)
  Vashnia (Snake:3)
  5 Killer Klowns
  12 golden dragons
  A bone dragon (Zot:1)
  2 electric golems (Zot:5)
  4 liches
  14 tentacled monstrosities
  23 Orb Guardians (Zot:5)
  3 quicksilver dragons
  5 acid blobs
  4 deep elf blademasters (Elf:3)
  6 titans (Vaults:5)
  4 sphinxes
  A kraken (Shoals:3)
  5 death cobs
  Kirke (Lair:7)
  Agnes (Snake:1)
  Frances (D:13)
  11 shadow dragons
  8 storm dragons
  8 tengu reavers
  2 draconian monks
  3 azure jellies (Slime:1)
  A revenant (Vaults:3)
  Donald (Snake:3)
  Ilsuiw (Shoals:4)
  Louise (Shoals:1)
  Roxanne (Elf:1)
  6 deep elf sorcerers
  13 greater nagas
  2 iron dragons
  9 frost giants
  5 draconian knights
  5 fire giants
  A juggernaut zombie (Depths:3)
  5 ghost moths
  11 vault wardens
  5 draconian zealots
  3 deep elf elementalists
  3 draconian scorchers (Zot:1)
  A balrug (Depths:3)
  A ghoul (Vaults:5)
  3 war gargoyles (Vaults:5)
  A caustic shrike skeleton (Depths:3)
  2 reapers
  The ghost of anadir the Arsonist, a journeyman GrFE of Vehumet (Orc:2)
  3 draconian annihilators
  11 ironheart preservers
  4 draconian shifters
  A spriggan defender (Depths:5)
  4 draconian callers
  19 stone giants
  Nessos (D:13)
  20 very ugly things
  A salamander stormcaller (Vaults:5)
  The ghost of Tasticka the Severer, a journeyman HOFi of Okawaru (Shoals:1)
  8 green draconians
  3 vampire knights
  8 black draconians
  2 large abominations
  Azrael (Elf:1)
  3 deep elf demonologists
  A spark wasp (Depths:4)
  5 yellow draconians
  8 white draconians
  14 mottled draconians
  10 deep elf annihilators
  7 purple draconians
  7 merfolk javelineers
  11 red draconians
  12 merfolk impalers
  16 ettins
  A minotaur (Lab)
  A green death (Hell)
  28 vault guards
  6 deep elf death magi
  6 jiangshi
  16 fire dragons
  4 deep elf high priests
  8 great orbs of eyes
  12 yaktaur captains
  5 entropy weavers
  3 rakshasas
  16 ice dragons
  2 catoblepae
  6 hydras
  3 merfolk avatars
  2 ghost crabs (shapeshifter) (Vaults:5)
  13 ogre magi
  An alligator snapping turtle (Shoals:4)
  20 naga warriors
  6 spriggan air magi
  8 anacondas
  Erica (D:8)
  6 centaur warriors
  4 death knights
  A monstrous demonspawn (Depths:1)
  2 merfolk aquamancers (Shoals:4)
  25 dancing weapons
  5 deep troll shamans
  A satyr (Shoals:2)
  3 tengu warriors
  15 death yaks
  6 spriggan berserkers
  15 naga sharpshooters
  4 vampire magi
  11 deep troll earth magi
  4 shock serpents
  2 sun demons (Depths:1)
  17 deep elf knights
  4 fire crabs
  5 soul eaters
  2 salamander mystics
  7 skeletal warriors
  11 hell knights
  The ghost of Gargoyl the Covered, a novice DsAK of Lugonu (D:7)
  An unseen horror (D:12)
  A gelid demonspawn (Depths:3)
  8 sea snakes
  A lindwurm (shapeshifter) (Vaults:5)
  A small abomination (Vaults:5)
  A deep troll (shapeshifter) (Vaults:5)
  21 deep trolls
  7 naga ritualists
  2 flayed ghosts
  A shadow dragon zombie (Depths:3)
  Pikel (D:7)
  10 deep elf archers
  5 giant orange brains
  A lindwurm (Zot:1)
  22 harpies
  A kraken simulacrum (Shoals:4)
  12 ironbrand convokers
  An orange crystal statue (Vaults:1)
  11 necromancers
  21 orc knights
  A wolf spider zombie (D:13)
  8 hill giants
  2 phantasmal warriors
  An iron dragon zombie (Depths:3)
  2 sphinx zombies (Vaults:1)
  9 mana vipers
  2 wizards
  4 wolf spiders
  A frost giant zombie (Depths:3)
  A tengu skeleton (Depths:3)
  A tengu zombie (Vaults:1)
  2 mana vipers (shapeshifter)
  An orb spider (shapeshifter) (D:14)
  7 cyclopes
  14 griffons
  13 fauns
  2 hornets (shapeshifter)
  6 orc sorcerers
  A moth of wrath (shapeshifter) (Depths:1)
  12 salamanders
  3 shining eyes
  42 ugly things
  5 hornets
  76 deep elf magi
  17 manticores
  3 guardian serpents
  Joseph (D:10)
  34 naga magi
  30 elephants
  22 moths of wrath
  14 sirens
  A fire giant skeleton (Vaults:4)
  An iron dragon skeleton (Depths:3)
  16 vault sentinels
  A water nymph (shapeshifter) (Vaults:5)
  A rust devil (Depths:3)
  2 ice statues (IceCv)
  A spectral elf (Depths:3)
  2 water nymphs (Shoals:4)
  A black mamba (shapeshifter) (Depths:1)
  2 gargoyles
  2 centaur zombies
  35 black mambas
  A guardian serpent (shapeshifter) (Depths:3)
  Psyche (D:8)
  19 spiny frogs
  6 rime drakes
  The ghost of mishamorgan the Conjurer, a novice HEWz (D:6)
  7 kobold demonologists
  A komodo dragon (shapeshifter) (Depths:2)
  8 freezing wraiths
  A hellion (Depths:1)
  31 yaktaurs
  2 spriggan zombies (Depths:3)
  11 komodo dragons
  A red devil (Depths:3)
  An efreet (D:13)
  8 ice devils (IceCv)
  A spriggan skeleton (Depths:3)
  A yaktaur skeleton (Vaults:4)
  4 tengu conjurers
  27 merfolk
  A jumping spider (Depths:1)
  2 queen bees (shapeshifter)
  6 trolls
  10 polar bears
  15 two-headed ogres
  A wind drake (shapeshifter) (Vaults:2)
  4 boulder beetles
  9 snapping turtles
  54 slime creatures
  2 raiju (Lair:8)
  19 blink frogs
  A boulder beetle (shapeshifter) (Vaults:5)
  An ettin zombie (Depths:3)
  The ghost of mda97nl the Chucker, an amateur HaHu (D:4)
  An ice dragon zombie (Hell)
  4 flying skulls (Crypt:1)
  An ettin skeleton (Vaults:4)
  10 redbacks
  2 redbacks (shapeshifter) (Vaults:5)
  A spriggan (shapeshifter) (Vaults:1)
  10 air elementals
  13 water elementals
  4 spriggans
  3 shadows
  6 wraiths
  13 hippogriffs
  4 hogs (Lair:7)
  53 yaks
  6 golden eyes (Slime:1)
  A golden eye (shapeshifter) (D:14)
  12 wyverns
  3 basilisks
  A steam dragon (Lair:8)
  4 fire elementals
  6 hungry ghosts
  15 vampire mosquitoes
  A chaos spawn (Depths:1)
  Grum (D:8)
  A mottled dragon (Vaults:1)
  A harpy simulacrum (D:15)
  2 soldier ants (D:11)
  66 nagas
  20 wargs
  21 water moccasins
  2 giant eyeballs
  59 orc warriors
  15 ice beasts
  12 porcupines
  3 sky beasts
  A swamp drake (Orc:1)
  9 hell hounds
  An eye of draining (shapeshifter) (D:15)
  2 eyes of draining
  A slave (D:7)
  18 black bears
  7 wasps
  An ettin simulacrum (Vaults:3)
  3 necrophages
  A tengu (shapeshifter) (Vaults:2)
  An ogre (shapeshifter) (Vaults:5)
  64 ogres
  2 phantoms
  4 boggarts
  10 centaurs
  20 wolves
  18 crocodiles
  A crocodile (shapeshifter) (D:15)
  4 big kobolds
  2 elf zombies
  A gnoll sergeant (D:8)
  37 giant frogs
  2 earth elementals
  A glowing shapeshifter simulacrum (Vaults:2)
  An elf skeleton (D:8)
  9 scorpions
  A wyvern zombie (D:11)
  A wyvern skeleton (D:9)
  18 killer bees
  5 wights
  2 howler monkeys (D:7)
  4 crimson imps
  2 giant frog zombies (D:13)
  4 human zombies (D:8)
  17 hounds
  A quasit (Depths:1)
  15 jellies
  12 orc priests
  8 centaur skeletons
  2 giant frog skeletons
  2 iron imps
  3 human skeletons
  15 iguanas
  25 orc wizards
  10 worker ants
  20 sheep
  2 mummies (D:8)
  A worker ant zombie (D:11)
  3 gnolls (D:3)
  30 river rats
  23 adders
  10 shadow imps
  8 white imps
  5 ufetubi
  3 oozes
  An adder zombie (D:5)
  2 adder skeletons (D:7)
  3 worms (D:3)
  A dart slug (D:1)
  4 giant geckos
  129 orcs
  4 giant cockroaches
  11 goblins
  6 hobgoblins
  14 jackals
  19 kobolds
  6 quokkas
  4 bats
  9 giant newts
  A jackal skeleton (D:6)
  A quokka skeleton (D:8)
  4 rats
  A bush (Lair:8)
  2 crawling corpses (Vaults:5)
  19 fungi
  14 plants
  2 tentacles (Shoals:3)
2616 creatures vanquished.

Vanquished Creatures (collateral kills)
  A vault warden (Vaults:5)
  A deep elf mage (Vaults:5)
2 creatures vanquished.

Vanquished Creatures (others)
  2 deep elf master archers (Elf:3)
  2 tengu reavers
  A storm dragon (Zot:4)
  2 fire giants
  A draconian knight (Zot:3)
  2 draconian scorchers
  3 stone giants
  A salamander stormcaller (Vaults:5)
  A deep elf demonologist (Vaults:5)
  A red draconian (Zot:4)
  3 merfolk javelineers
  A deep elf high priest (Elf:1)
  A yaktaur captain (Depths:3)
  2 satyrs
  A centaur warrior (Vaults:2)
  3 naga sharpshooters
  A deep elf knight (Elf:3)
  A shadow wraith (Vaults:4)
  An unseen horror (Vaults:1)
  3 deep elf archers
  2 fauns
  A wolf spider (Vaults:2)
  A deep elf mage (Vaults:3)
  2 cyclopes
  2 naga magi (Snake:4)
  10 yaktaurs
  An air elemental (Elf:1)
  6 centaurs
  A big kobold (Vaults:5)
  An orc priest (Orc:1)
  2 orc wizards (D:4)
  3 white imps (IceCv)
  4 ufetubi (IceCv)
  4 orcs
  A kobold (Vaults:2)
  A giant newt (D:7)
  20 fungi
  26 plants
  10 tentacles
  215 tentacle segments
346 creatures vanquished.

Grand Total: 2964 creatures vanquished

Notes
Turn   | Place    | Note
--------------------------------------------------------------
     0 | D:1      | mamajk0 the Minotaur Fighter began the quest for the Orb.
     0 | D:1      | Reached XP level 1. HP: 19/19 MP: 0/0
    56 | D:1      | Reached XP level 2. HP: 21/26 MP: 1/1
   293 | D:1      | Reached XP level 3. HP: 31/31 MP: 2/2
  1191 | D:2      | Reached skill level 5 in Axes
  1375 | D:2      | Reached XP level 4. HP: 39/39 MP: 3/3
  2697 | D:4      | Reached skill level 1 in Dodging
  2697 | D:4      | Reached XP level 5. HP: 37/46 MP: 4/4
  2733 | D:3      | Reached skill level 4 in Shields
  3175 | D:4      | Noticed mda97nl's ghost (amateur HaHu)
  3184 | D:4      | Killed mda97nl's ghost
  3184 | D:4      | Reached skill level 5 in Armour
  3184 | D:4      | Reached XP level 6. HP: 42/53 MP: 5/5
  3209 | D:4      | Reached XP level 7. HP: 20/60 MP: 6/6
  3443 | D:4      | Found Majot's Gadget Boutique.
  3460 | D:4      | Found a deep blue altar of Sif Muna.
  3543 | D:3      | Reached skill level 5 in Fighting
  3629 | D:4      | Found Fipa's Book Shop.
  3644 | D:4      | Found a sacrificial altar of Ru.
  3650 | D:4      | Reached skill level 5 in Shields
  3737 | D:5      | Entered Level 5 of the Dungeon
  4056 | D:4      | Found Cag Zul's Antique Weapon Shoppe.
  4134 | D:4      | Found an ancient bone altar of Kikubaaqudgha.
  4498 | D:5      | Found a glowing golden altar of the Shining One.
  4647 | D:5      | Found a snail-covered altar of Cheibriados.
  4822 | D:5      | Found a sacrificial altar of Ru.
  5013 | D:5      | Reached XP level 8. HP: 69/70 MP: 7/7
  5030 | D:6      | Found Xexzepp's Antique Weapon Boutique.
  5264 | D:6      | Noticed mishamorgan's ghost (novice HEWz)
  5277 | D:6      | Killed mishamorgan's ghost
  5277 | D:6      | Reached skill level 6 in Shields
  5282 | D:6      | Bought a crude hand axe for 200 gold pieces
  5283 | D:6      | Identified the +6 hand axe of Eczip {vamp, *Rage MP+9 Dex-2 Stlth+} (You bought it in a shop on level 6 of the Dungeon)
  5574 | D:6      | Found a staircase to the Ecumenical Temple.
  5625 | Temple   | Entered the Ecumenical Temple
  5635 | Temple   | Became a worshipper of Warmaster Okawaru
  5690 | D:6      | Found a radiant altar of Vehumet.
  5707 | D:6      | Reached XP level 9. HP: 78/78 MP: 8/8
  6007 | D:6      | Found a glowing silver altar of Zin.
  6076 | D:7      | Found a shimmering altar of Xom.
  6097 | D:7      | Reached skill level 1 in Invocations
  6107 | D:7      | Found a bloodstained altar of Trog.
  6116 | D:7      | Reached skill level 7 in Shields
  6189 | D:7      | Noticed Pikel
  6203 | D:7      | Killed Pikel
  6203 | D:7      | Reached * piety under Okawaru
  6274 | D:7      | Noticed Gargoyl's ghost (novice DsAK)
  6283 | D:7      | Killed Gargoyl's ghost
  6283 | D:7      | Reached ** piety under Okawaru
  6605 | D:7      | Reached skill level 8 in Shields
  6676 | D:7      | Gained mutation: You have a pair of large horns on your head. [mutagenic meat]
  6677 | D:7      | Gained mutation: Your natural rate of healing is unusually fast. [mutagenic meat]
  6687 | D:7      | Reached XP level 10. HP: 88/88 MP: 10/10
  7140 | D:8      | Found a burning altar of Makhleb.
  7140 | D:8      | Found a white marble altar of Elyvilon.
  7140 | D:8      | Found a basalt altar of Yredelemnul.
  7199 | D:9      | Reached skill level 5 in Dodging
  7203 | D:9      | Reached *** piety under Okawaru
  7393 | D:8      | Reached skill level 10 in Axes
  7444 | D:8      | Found an ancient bone altar of Kikubaaqudgha.
  7501 | D:8      | Reached skill level 9 in Shields
  7566 | D:8      | Noticed Erica
  7594 | D:8      | Killed Erica
  7594 | D:8      | Reached **** piety under Okawaru
  7933 | D:8      | Noticed Grum
  7936 | D:8      | Noticed Psyche
  7986 | D:8      | Found a stormy altar of Qazlal.
  8018 | D:8      | Found a shadowy altar of Dithmenos.
  8052 | D:8      | Killed Grum
  8149 | D:8      | Killed Psyche
  8149 | D:8      | Reached skill level 10 in Armour
  8571 | D:9      | Found a staircase to the Lair.
  8583 | Lair:1   | Entered Level 1 of the Lair of Beasts
  8717 | D:10     | Entered Level 10 of the Dungeon
  8931 | D:10     | Noticed a gargoyle
  8939 | D:10     | Killed a gargoyle
  8939 | D:10     | Reached XP level 11. HP: 95/97 MP: 12/12
  8972 | D:10     | Noticed Joseph
  8995 | D:10     | Killed Joseph
  8995 | D:10     | Reached ***** piety under Okawaru
  9224 | D:10     | Noticed a hill giant
  9232 | D:10     | Killed a hill giant
  9722 | D:11     | Reached skill level 10 in Shields
  9726 | D:11     | Found Ucsiacsa's Gadget Boutique.
  9817 | D:11     | Received a gift from Okawaru
 10001 | D:11     | Found a labyrinth entrance.
 10018 | Lab      | Entered a labyrinth
 10139 | Lab      | Gained mutation: Scrolls take you a little longer to read. [potion of mutation]
 10139 | Lab      | Gained mutation: You occasionally shout uncontrollably at your foes. [potion of mutation]
 10144 | Lab      | Gained mutation: Your flesh is cold resistant. [potion of beneficial mutation]
 10393 | Lab      | Noticed a minotaur
 10406 | Lab      | Killed a minotaur
 10406 | Lab      | Reached skill level 10 in Fighting
 10408 | Lab      | Got a glittering glass ring
 10409 | Lab      | Got an ichor-stained plate armour
 10409 | Lab      | Got a pitted large shield
 10421 | Lab      | Identified the Collected Works on Stolen Souls and Curses
 10432 | Lab      | Identified the +1 plate armour of Day {rPois MR+ Str+4 Dex-5} (You took it off a minotaur in a labyrinth)
 10442 | Lab      | Identified the +1 large shield "Ange" {Slay+2 SInv} (You took it off a minotaur in a labyrinth)
 10529 | D:11     | Identified the ring "Kaonaq" {rPois rC+} (You took it off a minotaur in a labyrinth)
 10669 | D:11     | Noticed a five-headed hydra
 10679 | D:11     | Killed a one-headed hydra
 10983 | D:11     | Received a gift from Okawaru
 10984 | D:11     | Got a pair of warped boots {god gift}
 10995 | D:11     | Identified the +2 pair of boots of Objectivity {rF+ MR+} (Okawaru gifted it to you on level 11 of the Dungeon)
 11278 | Lair:1   | Reached skill level 11 in Shields
 11279 | Lair:1   | Reached XP level 12. HP: 108/108 MP: 14/14
 11280 | Lair:1   | Noticed a seven-headed hydra
 11307 | Lair:1   | Killed a five-headed hydra
 11312 | Lair:1   | Reached ****** piety under Okawaru
 12147 | Lair:2   | Reached skill level 5 in Invocations
 12965 | Lair:3   | Noticed a death yak
 12965 | Lair:3   | Noticed a death yak
 12968 | Lair:3   | Noticed a death yak
 12969 | Lair:3   | Noticed a death yak
 12973 | Lair:3   | Noticed a death yak
 12979 | Lair:3   | Killed a death yak
 12995 | Lair:3   | Killed a death yak
 12998 | Lair:3   | Killed a death yak
 13000 | Lair:3   | Killed a death yak
 13000 | Lair:3   | Reached skill level 12 in Shields
 13001 | Lair:3   | Killed a death yak
 13274 | Lair:3   | Received a gift from Okawaru
 13275 | Lair:3   | Got a shimmering animal skin {god gift}
 13286 | Lair:3   | Identified the +2 animal skin of the Ant {-Cast rCorr Str-3 Stlth+} (Okawaru gifted it to you on level 3 of the Lair of Beasts)
 13445 | Lair:3   | Reached XP level 13. HP: 80/118 MP: 16/16
 13595 | Lair:3   | Found a staircase to the Shoals.
 14628 | Lair:5   | Found a frozen archway.
 14677 | IceCv    | Entered an ice cave
 15491 | Lair:5   | Gained mutation: Your muscles are strong. (Str +2) [potion of mutation]
 15491 | Lair:5   | Gained mutation: Scrolls take you longer to read. [potion of mutation]
 15764 | Lair:5   | Received a gift from Okawaru
 16386 | Lair:6   | Reached skill level 13 in Shields
 16640 | Lair:6   | Gained mutation: You have sharp toenails. [potion of mutation]
 16640 | Lair:6   | Gained mutation: Your muscles are very strong. (Str +4) [potion of mutation]
 16640 | Lair:6   | Gained mutation: You are partially covered in rough black scales (AC +4, Dex -1). [potion of mutation]
 16844 | Lair:6   | Found a staircase to the Snake Pit.
 16853 | Lair:6   | Reached XP level 14. HP: 121/129 MP: 17/17
 16875 | Snake:1  | Entered Level 1 of the Snake Pit
 16904 | Lair:6   | Received a gift from Okawaru
 16915 | Lair:6   | Got a pair of transparent gloves {god gift}
 16921 | Lair:6   | Identified the +0 pair of gloves "Did Zuru" {Str+6 Int+4} (Okawaru gifted it to you on level 6 of the Lair of Beasts)
 17298 | Lair:8   | Entered Level 8 of the Lair of Beasts
 17702 | Lair:7   | Noticed Kirke
 17703 | Lair:7   | Noticed a sphinx
 17714 | Lair:7   | Killed Kirke
 17759 | Lair:7   | Received a gift from Okawaru
 18077 | Lair:7   | Reached skill level 14 in Shields
 18435 | Lair:8   | Found an iron altar of Okawaru.
 18655 | Lair:8   | Found a staircase to the Slime Pits.
 18691 | Lair:8   | Reached XP level 15. HP: 120/139 MP: 19/19
 18795 | Lair:8   | Reached skill level 15 in Fighting
 18802 | Lair:8   | Received a gift from Okawaru
 19143 | Lair:8   | Reached skill level 15 in Shields
 19243 | Lair:8   | Reached skill level 10 in Dodging
 19795 | Lair:8   | Got a clouded wooden ring
 19799 | Lair:8   | Identified the ring "Yprin" {*Drain rF+ rC+ Stlth+} (You found it on level 8 of the Lair of Beasts)
 20419 | D:12     | Found a roughly hewn altar of Beogh.
 20419 | D:12     | Found a staircase to the Orcish Mines.
 20471 | Orc:1    | Entered Level 1 of the Orcish Mines
 21283 | D:13     | Noticed Nessos
 21288 | D:13     | Found a corrupted altar of Lugonu.
 21370 | D:13     | Lost mutation: Your flesh is cold resistant. [mutagenic meat]
 21371 | D:13     | Lost mutation: You have a pair of large horns on your head. [mutagenic meat]
 21382 | D:13     | Found a gate to the Vaults.
 21464 | D:13     | Received a gift from Okawaru
 21465 | D:13     | Reached skill level 15 in Armour
 21525 | D:13     | Noticed Frances
 21526 | D:13     | Found a portal to a secret trove of treasure.
 21536 | D:13     | Killed Frances
 21578 | D:13     | Killed Nessos
 21601 | D:13     | Got a heavily runed pewter ring
 21683 | D:13     | Identified the ring "Wedawn" {Fire rN+ Dex-5 Slay+3} (You took it off Frances on level 13 of the Dungeon)
 21947 | D:15     | Entered Level 15 of the Dungeon
 21962 | D:15     | Gained mutation: Your system is resistant to poisons. [mutagenic meat]
 21963 | D:15     | Gained mutation: You are dopey. (Int -2) [mutagenic meat]
 22609 | D:14     | Reached skill level 1 in Evocations
 22615 | D:14     | Reached XP level 16. HP: 143/151 MP: 21/21
 22936 | D:15     | Found a staircase to the Depths.
 22944 | D:15     | Reached skill level 16 in Shields
 23192 | Depths:1 | Entered Level 1 of the Depths
 23648 | D:15     | Received a gift from Okawaru
 23654 | D:15     | Found a blossoming altar of Fedhas.
 23669 | D:15     | Lost mutation: You occasionally shout uncontrollably at your foes. [mutagenic meat]
 23670 | D:15     | Lost mutation: Scrolls take you longer to read. [mutagenic meat]
 23671 | D:15     | Gained mutation: You can translocate small distances at will. [mutagenic meat]
 23672 | D:15     | Gained mutation: You have sharp fingernails. [mutagenic meat]
 23685 | D:15     | Found a shimmering altar of Xom.
 24253 | Orc:2    | Entered Level 2 of the Orcish Mines
 24253 | Orc:2    | Found Juihetups's Armour Boutique.
 24366 | Orc:2    | Found a staircase to the Elven Halls.
 24377 | Elf:1    | Entered Level 1 of the Elven Halls
 24606 | Orc:2    | Found a roughly hewn altar of Beogh.
 24626 | Orc:2    | Found Kaut Facu's Weapon Boutique.
 24640 | Orc:2    | Received a gift from Okawaru
 24700 | Orc:2    | Noticed anadir's ghost (journeyman GrFE)
 24723 | Orc:2    | Killed anadir's ghost
 25059 | Orc:1    | Got a slimy hat
 25083 | Orc:1    | Identified the +1 hat of Deeme {Str+4} (You found it on level 1 of the Orcish Mines)
 25205 | Orc:2    | Found Caygimos's Gadget Shoppe.
 25226 | Orc:2    | Bought a sack of spiders for 300 gold pieces
 25226 | Orc:2    | Bought a phial of floods for 600 gold pieces
 25232 | Orc:2    | Found Qiraergh's General Store.
 25255 | Orc:2    | Bought a stone of tremors for 560 gold pieces
 25290 | Orc:2    | Found Buor's Weapon Shoppe.
 26044 | Snake:1  | Found Rofanwag's Jewellery Boutique.
 26067 | Snake:1  | Bought a +2 amulet of reflection for 475 gold pieces
 26284 | Snake:1  | Noticed Agnes
 26293 | Snake:1  | Killed Agnes
 26907 | Snake:1  | Received a gift from Okawaru
 26907 | Snake:1  | Reached skill level 17 in Shields
 27264 | Snake:3  | Noticed Donald
 27278 | Snake:3  | Killed Donald
 27281 | Snake:3  | Reached XP level 17. HP: 117/159 MP: 23/23
 27611 | Snake:2  | Reached skill level 15 in Axes
 28341 | Snake:3  | Received a gift from Okawaru
 28661 | Snake:3  | Reached skill level 10 in Invocations
 28748 | Snake:3  | Noticed Vashnia
 28814 | Snake:3  | Killed Vashnia
 28814 | Snake:3  | Reached skill level 18 in Shields
 28993 | Snake:4  | Entered Level 4 of the Snake Pit
 29056 | Snake:4  | Found Areosaf's Weapon Shop.
 29498 | Snake:3  | Found a deep blue altar of Sif Muna.
 29931 | Snake:3  | Received a gift from Okawaru
 30350 | Snake:4  | Reached XP level 18. HP: 43/170 MP: 22/24
 30853 | Snake:4  | Got a serpentine rune of Zot
 31692 | Elf:1    | Received a gift from Okawaru
 31712 | Elf:1    | Got a fine plate armour {god gift}
 31718 | Elf:1    | Identified the +5 plate armour of Henotheism {*Drain rN++ Stlth+} (Okawaru gifted it to you on level 1 of the Elven Halls)
 31847 | Elf:1    | Noticed Azrael
 31854 | Elf:1    | Reached skill level 19 in Shields
 31878 | Elf:1    | Killed Azrael
 32168 | Elf:1    | Noticed Nikola
 32403 | Elf:1    | Noticed Roxanne
 32414 | Elf:1    | Killed Roxanne
 32564 | Elf:1    | Identified Roxanne's Disquisition on the Mountains (You took it off Roxanne on level 1 of the Elven Halls)
 33198 | Elf:2    | Found a huge runed gate.
 33198 | Elf:2    | Found a huge runed gate.
 33198 | Elf:2    | Found a huge runed gate.
 33198 | Elf:2    | Found a huge runed gate.
 33198 | Elf:2    | Found a huge runed gate.
 33484 | Elf:2    | Reached XP level 19. HP: 175/179 MP: 21/26
 33732 | Elf:3    | Entered Level 3 of the Elven Halls
 34184 | Elf:3    | Reached skill level 20 in Shields
 34579 | Elf:3    | Received a gift from Okawaru
 34614 | Elf:3    | Noticed a Tzitzimitl
 34931 | Elf:3    | Noticed a Brimstone Fiend
 35074 | Elf:3    | Identified a +2 rod of inaccuracy (7/9) (You took it off a deep elf mage on level 3 of the Elven Halls)
 35318 | Elf:3    | Gained mutation: You have razor-sharp toenails. [potion of beneficial mutation]
 35322 | Elf:3    | Got an ancient ivory ring
 35326 | Elf:3    | Identified the ring "Doot" {rC+ MR- Int+7 SInv} (You found it on level 3 of the Elven Halls)
 35443 | Elf:3    | Got a jewelled gold dragon armour
 35447 | Elf:3    | Identified the cursed +1 gold dragon armour of Zuif Togh {rPois rF+ rC+ rN++ Regen+ Dex-5 Slay+3} (You found it on level 3 of the Elven Halls)
 35479 | Elf:3    | Identified the Incunabulum of the Icy Entourage (You found it on level 3 of the Elven Halls)
 35495 | Elf:3    | Identified Zypik's Grimoire of Aerial Beguiling (You found it on level 3 of the Elven Halls)
 35499 | Elf:3    | Identified the Tome of the Birds
 35707 | Elf:3    | Identified the Compendium of Attacks and Evil Arts (You found it on level 3 of the Elven Halls)
 36185 | Slime:1  | Entered Level 1 of the Pits of Slime
 36200 | Slime:1  | Paralysed by a giant eyeball for 4 turns
 36372 | Slime:2  | Gained mutation: Scrolls take you longer to read. [a shining eye]
 36376 | Slime:2  | Gained mutation: You are frail (-10% HP). [a shining eye]
 36378 | Slime:2  | Received a gift from Okawaru
 36379 | Slime:2  | Gained mutation: Scrolls take you much longer to read. [a shining eye]
 36633 | Slime:1  | Gained mutation: You are very dopey. (Int -4) [a shining eye]
 36640 | Slime:1  | Gained mutation: Armour fits poorly on your strangely shaped body. [a shining eye]
 36916 | Lair:8   | Lost mutation: You are frail (-10% HP). [potion of cure mutation]
 36916 | Lair:8   | Lost mutation: You are very dopey. (Int -4) [potion of cure mutation]
 36916 | Lair:8   | Lost mutation: Armour fits poorly on your strangely shaped body. [potion of cure mutation]
 36916 | Lair:8   | Lost mutation: You are dopey. (Int -2) [potion of cure mutation]
 36918 | Lair:8   | Found an iron altar of Okawaru.
 37176 | Vaults:1 | Entered Level 1 of the Vaults
 37208 | Vaults:1 | Gained mutation: You are dopey. (Int -2) [mutagenic meat]
 37277 | Vaults:1 | Received a gift from Okawaru
 37277 | Vaults:1 | Reached XP level 20. HP: 189/189 MP: 27/27
 37353 | Vaults:1 | Found Sigholo's Food Boutique.
 37550 | Vaults:1 | Reached skill level 21 in Shields
 38304 | Vaults:2 | Received a gift from Okawaru
 39849 | Vaults:3 | Received a gift from Okawaru
 40153 | Vaults:3 | Found Wuizog's Assorted Antiques.
 40162 | Vaults:3 | Bought a scroll of immolation for 140 gold pieces
 40162 | Vaults:3 | Bought a dented silver amulet for 200 gold pieces
 40162 | Vaults:3 | Bought a potion of heal wounds for 200 gold pieces
 40273 | Vaults:3 | Reached skill level 15 in Dodging
 40407 | Vaults:3 | Reached XP level 21. HP: 198/198 MP: 28/28
 40556 | Vaults:3 | Found a staircase to the Crypt.
 40563 | Crypt:1  | Entered Level 1 of the Crypt
 40566 | Crypt:1  | Reached skill level 22 in Shields
 41224 | Vaults:4 | Received a gift from Okawaru
 41868 | Vaults:5 | Entered Level 5 of the Vaults
 41868 | Vaults:5 | Noticed an ancient lich
 41885 | Vaults:5 | Killed an ancient lich
 41888 | Vaults:5 | Received a gift from Okawaru
 41939 | Vaults:5 | Reached skill level 5 in Evocations
 41972 | Vaults:5 | Identified a +2 pair of boots of running (Okawaru gifted it to you on level 5 of the Vaults)
 42147 | Vaults:5 | Reached skill level 23 in Shields
 42148 | Vaults:5 | Reached XP level 22. HP: 209/209 MP: 29/29
 42159 | Vaults:5 | Received a gift from Okawaru
 42197 | Vaults:5 | Got a silver rune of Zot
 42241 | Vaults:5 | Identified a scroll of acquirement
 42382 | Vaults:5 | Received a gift from Okawaru
 42763 | Vaults:5 | Got a shimmering bone ring
 42961 | Vaults:5 | Got a transparent bronze ring
 42963 | Vaults:5 | Identified the ring "Tisuurph" {*Tele rC++ Str+2} (You took it off a deep elf demonologist on level 5 of the Vaults)
 42966 | Vaults:5 | Identified the ring "Sakeryt" {rN+ AC+2 Int-3 Dex+2} (You took it off a frost giant on level 5 of the Vaults)
 43007 | Vaults:5 | Got a translucent chain mail
 43011 | Vaults:5 | Identified the +7 chain mail of Autotheism {rN+ MP-9 Int+2 Dex+2} (You found it on level 5 of the Vaults)
 43070 | Vaults:5 | Lost mutation: Scrolls take you much longer to read. [helix card]
 43070 | Vaults:5 | Gained mutation: You are agile. (Dex +2) [helix card]
 43071 | Vaults:5 | Hired Odinuus the big kobold for 106 gold.
 43103 | Vaults:5 | Got a slimy hand axe
 43143 | Vaults:5 | Got an ancient lead amulet
 43212 | Vaults:5 | Identified the amulet "Ymakkeum" {Faith +Inv Str+4} (You found it on level 5 of the Vaults)
 43215 | Vaults:5 | Identified the +1 hand axe of Eternity {flame, MP+9} (You found it on level 5 of the Vaults)
 43283 | Vaults:5 | Your ally Odinuus died
 43355 | Vaults:5 | Noticed a golden dragon
 43381 | Vaults:5 | Killed a golden dragon
 44038 | Depths:1 | Found a sparkling altar of Nemelex Xobeh.
 44095 | Depths:1 | Received a gift from Okawaru
 44366 | Depths:1 | Found a one-way gate leading to the halls of Pandemonium.
 44433 | Depths:1 | Found a gateway to Hell.
 44456 | Hell     | Entered the Vestibule of Hell
 44456 | Hell     | Noticed Geryon
 44525 | Depths:1 | Reached skill level 24 in Shields
 44548 | Depths:1 | Reached XP level 23. HP: 215/215 MP: 21/30
 44751 | Depths:2 | Found a one-way gate to the infinite horrors of the Abyss.
 45321 | Depths:2 | Got a fine chain mail
 45324 | Depths:2 | Identified the +6 chain mail "Rodopipt" {-Cast Int+9 Dex-3} (You found it on level 2 of the Depths)
 46457 | Depths:3 | Identified Denker's Volume of Evil
 46840 | Hell     | Killed Geryon
 46952 | Depths:3 | Received a gift from Okawaru
 47671 | Depths:4 | Found a gateway to a ziggurat.
 47839 | Depths:5 | Entered Level 5 of the Depths
 47861 | Depths:4 | Reached skill level 25 in Shields
 47981 | Depths:4 | Reached skill level 1 in Stealth
 48186 | Depths:4 | Reached XP level 24. HP: 228/228 MP: 30/30
 48718 | Depths:4 | Received a gift from Okawaru
 48726 | Depths:4 | Got a crude robe {god gift}
 48729 | Depths:4 | Identified the +1 robe of Leaves {+Inv +Fly MR-} (Okawaru gifted it to you on level 4 of the Depths)
 49820 | Depths:5 | Noticed Margery
 49843 | Depths:5 | Killed Margery
 49922 | Depths:5 | Found a gate to the Realm of Zot.
 50040 | Depths:5 | Reached skill level 10 in Evocations
 50200 | Depths:5 | Drew Focus: Str increased to 25, Int decreased to 4
 50256 | Depths:5 | Reached skill level 5 in Stealth
 50326 | Depths:5 | Noticed a juggernaut
 50338 | Depths:5 | Killed a juggernaut
 51117 | Shoals:1 | Entered Level 1 of the Shoals
 51410 | Shoals:1 | Noticed Louise
 51425 | Shoals:1 | Killed Louise
 51653 | Shoals:1 | Noticed Tasticka's ghost (journeyman HOFi)
 51675 | Shoals:1 | Killed Tasticka's ghost
 52392 | Shoals:3 | Received a gift from Okawaru
 52766 | Shoals:3 | Reached XP level 25. HP: 238/238 MP: 21/30
 52857 | Shoals:3 | Found a shimmering altar of Xom.
 52962 | Shoals:4 | Entered Level 4 of the Shoals
 53090 | Shoals:4 | Got a barnacled rune of Zot
 53239 | Shoals:4 | Noticed Ilsuiw
 53279 | Shoals:4 | Killed Ilsuiw
 53973 | Zot:1    | Entered Level 1 of the Realm of Zot
 54114 | Zot:1    | Received a gift from Okawaru
 54186 | Zot:1    | You fall through a shaft!
 54456 | Zot:1    | Received a gift from Okawaru
 54891 | Zot:1    | Received a gift from Okawaru
 55561 | Zot:2    | Reached XP level 26. HP: 249/249 MP: 22/31
 55747 | Zot:2    | Reached skill level 1 in Throwing
 55755 | Zot:2    | Received a gift from Okawaru
 56212 | Zot:3    | Received a gift from Okawaru
 56701 | Zot:4    | Got a heavily runed cloak
 56712 | Zot:4    | Identified the +4 cloak of Slovenliness {rC+ rCorr Str-3} (You acquired it on level 4 of the Realm of Zot)
 56780 | Zot:4    | Reached skill level 10 in Stealth
 56856 | Zot:5    | Entered Level 5 of the Realm of Zot
 56864 | Zot:5    | Noticed an orb of fire
 56864 | Zot:5    | Lost mutation: You are agile. (Dex +2) [an orb of fire]
 56882 | Zot:5    | Killed an orb of fire
 57312 | Zot:5    | Noticed an ancient lich
 57318 | Zot:5    | Killed an ancient lich
 57334 | Zot:5    | Noticed an ancient lich
 57351 | Zot:5    | Reached XP level 27. HP: 223/260 MP: 22/31
 57380 | Zot:5    | Noticed an orb of fire
 57382 | Zot:5    | Received a gift from Okawaru
 57390 | Zot:5    | Killed an ancient lich
 57391 | Zot:5    | Lost mutation: You are dopey. (Int -2) [an orb of fire]
 57395 | Zot:5    | Noticed an orb of fire
 57405 | Zot:5    | Killed an orb of fire
 57422 | Zot:5    | Noticed an orb of fire
 57427 | Zot:5    | Gained mutation: You are occasionally teleported next to monsters. [an orb of fire]
 57432 | Zot:5    | Gained mutation: Scrolls take you much longer to read. [an orb of fire]
 57434 | Zot:5    | Killed an orb of fire
 57434 | Zot:5    | Gained mutation: Your spells are a little easier to cast, but a little less powerful. [an orb of fire]
 57444 | Zot:5    | Gained mutation: You are frail (-10% HP). [an orb of fire]
 57447 | Zot:5    | Killed an orb of fire
 57516 | Zot:5    | Noticed an orb of fire
 57529 | Zot:5    | Gained mutation: You are dopey. (Int -2) [an orb of fire]
 57531 | Zot:5    | Killed an orb of fire
 57592 | Zot:5    | Noticed an orb of fire
 57604 | Zot:5    | Received a gift from Okawaru
 57610 | Zot:5    | Gained mutation: You are sometimes teleported next to monsters. [an orb of fire]
 57625 | Zot:5    | Noticed an orb of fire
 57630 | Zot:5    | Killed from afar by an orb of fire

Skill      XL: |  1  2  3  4  5  6  7  8  9 10 11 12 13 14 15 16 17 18 19 20 21 22 23 24 25 26 27 |
---------------+----------------------------------------------------------------------------------+-----
Axes           | 3 4 5 6 7 8 9 10 11 12 14 15 16 17 18 | 18.3
Armour         | 4 5 6 7 8 10 11 12 13 14 15 16 17 18 19 20 21 22 23 24 | 24.8
Dodging        | 1 2 3 4 5 6 7 8 9 10 11 12 13 14 15 16 17 18 19 20 21 | 21.5
Fighting       | 4 5 6 8 9 10 12 13 14 15 16 17 18 19 20 21 22 23 24 | 24.6
Shields        | 4 5 6 8 9 11 12 13 14 15 17 18 19 20 21 23 24 25 | 25.0
Invocations    | 2 3 4 5 6 7 9 10 11 | 11.8
Evocations     | 1 3 5 7 9 10 12 | 12.9
Stealth        | 2 6 8 10 | 10.0
Throwing       | 4 |  4.6

Action                   |  1- 3 |  4- 6 |  7- 9 | 10-12 | 13-15 | 16-18 | 19-21 | 22-24 | 25-27 || total
-------------------------+-------+-------+-------+-------+-------+-------+-------+-------+-------++-------
Melee: War axe           |    48 |   127 |   136 |   627 |   644 |   459 |    11 |       |       ||  2052
       Headbutt          |     6 |    20 |    52 |   184 |   358 |   443 |   409 |   651 |   439 ||  2562
       Hand axe          |       |       |   138 |    92 |   497 |       |       |       |       ||   727
       Scimitar          |       |       |       |    11 |    15 |     5 |       |       |       ||    31
       Broad axe         |       |       |       |       |       |   886 |  1187 |  1851 |  1167 ||  5091
       Unarmed           |       |       |       |       |       |    79 |       |       |       ||    79
Invok: Finesse           |       |       |       |     1 |       |     1 |     2 |       |       ||     4
       Heroism           |       |       |       |     1 |       |       |       |     1 |       ||     2
Evoke: Wand              |       |       |       |     1 |     1 |     7 |     5 |     3 |     2 ||    19
       Phial of floods   |       |       |       |       |       |     1 |       |       |       ||     1
       Sack of spiders   |       |       |       |       |       |     1 |       |       |       ||     1
       Deck              |       |       |       |       |       |       |     2 |    11 |       ||    13
  Use: Scroll            |       |     4 |    11 |    11 |    22 |    13 |    13 |    16 |    14 ||   104
       Potion            |       |       |       |     6 |     2 |     4 |     6 |       |     1 ||    19
 Stab: Distracted        |       |       |       |       |       |       |     1 |     1 |       ||     2
       Paralysed         |       |       |       |       |       |       |       |     1 |       ||     1
       Held in net/web   |       |       |       |       |       |       |       |       |     1 ||     1
       Confused          |       |       |       |       |       |       |       |       |     1 ||     1
  Eat: Chunk             |       |    12 |    25 |    18 |    40 |    29 |    22 |    28 |    11 ||   185
       Bread ration      |       |       |       |     1 |     1 |     3 |     3 |     2 |     1 ||    11
       Fruit             |       |       |       |       |       |     2 |       |       |       ||     2
       Meat ration       |       |       |       |       |       |       |       |       |     1 ||     1
Armor: Scale mail        |    21 |    30 |    22 |       |    30 |       |       |       |       ||   103
       Plate armour      |       |       |   121 |   249 |   141 |   439 |    92 |       |       ||  1042
       Ice dragon armour |       |       |       |       |    92 |       |       |       |       ||    92
       Gold dragon armou |       |       |       |       |       |       |   218 |   225 |       ||   443
       Animal skin       |       |       |       |       |       |       |    15 |       |       ||    15
       Chain mail        |       |       |       |       |       |       |       |   129 |   205 ||   334
Dodge: Dodged            |    22 |    33 |    61 |   170 |   215 |   402 |   326 |   646 |   625 ||  2500
Block: Shield            |    21 |    71 |   143 |   185 |       |       |       |       |       ||   420
       Large shield      |       |       |       |   310 |   994 |  1784 |  1441 |  2423 |  1600 ||  8552
       Reflection        |       |       |       |       |       |   192 |   154 |   158 |    76 ||   580
